Map: World of Sleepers LE

Players

MаXGrig

  • Race: Terran Terran
  • League: Diamond
  • Spawn Location: 7:00

A.I. 1 (Elite) - Winner!

  • Race: Protoss Protoss
  • Spawn Location: 1:00

VOD

Have the link to the VOD?

Description

Time

  • Played on: Nov. 24, 2019, 1:44 a.m.
  • Length: 6:34
Show
View Real Time Build Order
Export as new Build Order

MаXGrig Terran 

Build Orders: Reaper Expand 

Get SALT Encoding   

  12  0:01  SCV  
  13  0:13  SCV  
  14  0:17  Supply Depot  
  14  0:25  SCV  
  15  0:38  SCV  
  15  0:42  Barracks  
  16  0:44  Refinery  
  16  0:50  SCV  
  17  1:03  SCV  
  18  1:16  SCV  
  19  1:28  Orbital Command  
  19  1:30  Reaper  
  20  1:39  Command Center  
  20  1:46  Bunker  
  20  1:54  SCV  
  21  2:00  Supply Depot  
  21  2:01  Marine  
  21  2:06  SCV  
  23  2:13  Factory  
  23  2:18  Refinery  
  23  2:22  SCV  
  24  2:25  Barracks Reactor  
  24  2:34  SCV  
  25  2:46  SCV  
  26  2:53  Orbital Command  
  26  2:57  Factory Tech Lab  
  26  3:00  SCV  
  26  3:04  Marine x2  
  29  3:12  SCV  
  30  3:15  Siege Tank  
  30  3:18  Starport  
  33  3:20  SCV  
  33  3:24  SCV, Marine x2  
  37  3:29  Supply Depot  
  37  3:32  SCV  
  38  3:36  SCV  
  39  3:42  Marine x2  
  39  3:44  SCV  
  39  3:48  SCV, Siege Tank  
  45  3:55  Supply Depot  
  46  3:56  SCV  
  46  4:00  Marine x2  
  46  4:01  Medivac, SCV  
  52  4:08  SCV  
  53  4:13  SCV  
  54  4:18  Marine x2  
  54  4:19  Supply Depot  
  54  4:20  SCV  
  54  4:22  Siege Tank  
  60  4:26  SCV  
  61  4:33  Command Center  
  61  4:44  Starport Reactor, Barracks  
  61  4:45  Barracks Tech Lab, Barracks  
  61  4:49  Refinery  
  61  4:50  Supply Depot, SCV  
  61  4:51  SCV  
  63  4:55  Engineering Bay  
  63  5:05  Marine  
  64  5:08  SCV x2  
  66  5:14  Supply Depot  
  66  5:16  Siege Tank  
  66  5:20  SCV x2  
  70  5:24  Marine  
  70  5:26  Starport Reactor  
  71  5:32  SCV  
  71  5:33  SCV  
  71  5:35  Marine x2  
  73  5:38  Supply Depot  
  73  5:40  Marine  
  73  5:41  Marine  
  73  5:42  Marine  
  73  5:45  SCV x2, Supply Depot  
  73  5:46  Orbital Command  
  80  5:50  Siege Tank  
  80  5:53  Marine  
  80  5:54  Marine  
  80  5:57  SCV x2  
  87  6:07  Marine x2  
  87  6:09  SCV  
  92  6:11  Barracks  
  92  6:12  Supply Depot, SCV  
  92  6:14  Marine, Barracks  
  92  6:15  Marine  
  97  6:21  SCV  
Show
View Real Time Build Order
Export as new Build Order

A.I. 1 (Elite) Protoss - Winner!

Build Orders: Colossus Rush 

Get SALT Encoding   

  12  0:00  Probe  
  13  0:13  Probe  
  14  0:19  Pylon  
  14  0:25  Probe  
  15  0:34  Probe  
  15  0:42  Probe  
  16  0:47  Assimilator  
  17  0:51  Gateway  
  17  0:52  Probe  
  18  0:59  Pylon  
  18  1:00  Probe  
  19  1:08  Probe  
  19  1:18  Probe  
  21  1:30  Probe  
  22  1:38  Zealot  
  24  1:42  Probe  
  24  1:46  Nexus  
  25  1:57  Cybernetics Core  
  25  1:58  Probe  
  26  2:06  Probe  
  26  2:14  Probe  
  28  2:25  Warp Gate  
  28  2:26  Probe, Pylon  
  29  2:35  Stalker  
  31  2:38  Gateway  
  31  2:40  Assimilator  
  31  2:44  Probe  
  32  2:53  Probe  
  32  2:55  Pylon  
  32  2:58  Probe  
  34  3:05  Probe, Adept  
  36  3:11  Probe  
  38  3:19  Robotics Facility  
  38  3:24  Adept  
  38  3:26  Probe  
  41  3:28  Probe  
  42  3:35  Adept  
  42  3:38  Probe  
  42  3:40  Probe  
  46  3:47  Adept  
  46  3:50  Probe  
  46  3:52  Probe  
  50  3:58  Adept  
  50  4:02  Probe  
  51  4:04  Probe  
  51  4:09  Robotics Bay  
  54  4:12  Observer  
  54  4:13  Pylon  
  54  4:14  Probe  
  54  4:16  Probe  
  57  4:19  Robotics Facility  
  57  4:24  Adept  
  57  4:25  Pylon  
  57  4:26  Probe  
  60  4:35  Stalker  
  60  4:36  Probe  
  60  4:37  Pylon  
  63  4:38  Probe  
  63  4:45  Stalker  
  66  4:58  Gateway  
  66  5:03  Colossus  
  66  5:06  Pylon  
  66  5:07  Zealot  
  66  5:11  Zealot  
  76  5:20  Pylon  
  76  5:25  Zealot  
  76  5:28  Zealot  
  80  5:45  Probe, Stalker  
  80  5:46  Probe, Pylon  
  80  5:48  Assimilator, Sentry  
  86  5:50  Forge  
  86  5:51  Assimilator  
  86  5:52  Stalker  
  86  5:54  Forge  
  88  6:05  Nexus  
  88  6:08  Stalker  
  88  6:10  Probe  
  91  6:12  Probe  
  96  6:20  Probe  
  96  6:22  Probe  
  98  6:29  Pylon  
Tags
 
Add a new tag
Caveats
  • Supply blocks, unpowered buildings, or Contaminate may cause inaccurate times.
  • Supply counts are checked every 10 seconds.